AoeStats
← Riut

Arena

506118708Analyzed
1v1 RM · 20d ago on Sep 12, 2026· 41m 3s· 2 players
Game mode
Random Map
Map size
Tiny (2 player)
Population
200
Speed
Normal
Resources
Standard
Victory
Conquest
Starting age
Dark Age
Ending age
Imperial Age
RankedLock teamsTeams togetherTeam positionsShared explorationLock speedFull tech treeHidden civsTurbo modeCheats
Victory
Defeat
🇹🇼 Byzantines · Taiwan
1965
+21
🇫🇷 Turks · France
2081
-21
A88
11:06 Feudal Age
14:45 Castle Age
13:01 Horse Collar
13:11 Double-Bit Axe
14:56 Light Cavalry
16:32 Bow Saw
21:33 Wheelbarrow
21:33 Loom
29:26 Imperial Age
27:24 Squires
27:09 Pikeman
29:04 Fervor
28:52 Gold Mining
29:25 Scale Mail Armor
29:18 Treadmill Crane
30:35 Sanctity
31:09 Block Printing
32:19 Redemption
33:43 Fletching
34:46 Bodkin Arrow
34:37 Elite Skirmisher
36:20 Bracer
37:20 Illumination
37:00 Padded Archer Armor
38:45 Stone Mining
39:31 Gold Shaft Mining
39:20 Ballistics
40:06 Hand Cart
41:09 Chemistry
41:25 Leather Archer Armor
41:22 Forging
Riut
11:19 Feudal Age
14:47 Castle Age
12:51 Double-Bit Axe
13:08 Horse Collar
15:35 Husbandry
18:21 Bow Saw
25:10 Loom
31:11 Imperial Age
29:43 Wheelbarrow
32:23 Padded Archer Armor
32:27 Gold Mining
33:57 Conscription
37:00 Devotion
37:30 Hand Cart
37:33 Leather Archer Armor
38:11 Scale Barding Armor
38:17 Forging
38:43 Artillery
Connection lost

Rejoining the realm…

Still unreachable

The connection could not be restored.

Session expired

The server has moved on; the page needs a fresh start.